 Dungeon Crawl Stone Soup version 0.31-a0-240-gb923e448b6 (webtiles) character file.

Game seed: 4276955057583360300

53 qw the Shooter (level 3, -5/21 HPs)
             Began as a Gargoyle Hexslinger on July 11, 2023.
             Slain by Terence
             ... wielding a +0 trident
              (9 damage)
             ... on level 3 of the Dungeon.
             The game lasted 00:00:32 (1517 turns).

qw the Shooter (Gargoyle Hexslinger)                Turns: 1517, Time: 00:00:33

Health: -5/21      AC:  8    Str: 11    XL:     3   Next: 87%
Magic:  4/4        EV: 10    Int: 13    God:
Gold:   107        SH:  0    Dex: 14    Spells: 3/4 levels left

rFire   . . .        Y - +1 sling
rCold   . . .        (no shield)
rNeg    + . .        e - +0 ring mail
rPois   inf          (no helmet)
rElec   +            (no cloak)
rCorr   .            (no gloves)
SInv    .            (no boots)
Will    .....        (no amulet)
Stlth   +            (no ring)
HPRegen 0.23/turn    (no ring)
MPRegen 0.09/turn

%: no passive effects
@: about to teleport
A: sickness immunity, AC +3, negative energy resistance 1, electricity
resistance, torment resistance 1, petrification resistance
a: no special abilities


You were on level 3 of the Dungeon.
You visited 1 branch of the dungeon, and saw 3 of its levels.

You collected 107 gold pieces.


Innate Abilities, Weirdness & Mutations

You are immune to sickness and miasma.
Your stone body is resilient. (AC +3)
You are immune to poison.
You resist negative energy. (rN+)
You are resistant to electric shocks. (rElec)
You are resistant to unholy torment.
You are immune to petrification.


   Skills:
 - Level 2.0 Fighting
 + Level 3.7 Ranged Weapons
 - Level 1.5 Dodging
 - Level 1.0 Spellcasting
 - Level 2.6 Hexes


You had 3 spell levels left.
You knew the following spells:

 Your Spells              Type           Power      Damage    Failure   Level
a - Slow                  Hex            28%        N/A       22%         1

Your spell library contained the following spells:

 Spells                   Type           Power      Damage    Failure   Level
 Inner Flame              Hex/Fire       4%         N/A       75%         3
 Portal Projectile        Hex/Tloc       8%         N/A       75%         3
 Cause Fear               Hex            3%         N/A       92%         4

Inventory:

Hand Weapons
 Y - a +1 sling (weapon)
Armour
 e - a +0 ring mail (worn)
Scrolls
 a - a scroll of teleportation
 b - a scroll of identify
 c - a scroll of amnesia {unknown}
 d - a scroll of immolation {unknown}
Potions
 k - a potion of curing {unknown}

Dungeon Overview and Level Annotations

Branches:
Dungeon (3/15)

Altars:
Vehumet

Annotations:
D:3 Terence


Message History

You kill the ball python!
Terence the Incautious comes into view.
He is wielding a +0 trident.
Terence shouts!
Enter note:
Enter note:
Enter note: You shoot a sling bullet.
The sling bullet hits Terence.
Terence is lightly wounded.
You shoot a sling bullet. The sling bullet hits Terence.
Terence is moderately wounded.
You shoot a sling bullet.
The sling bullet hits Terence but does no damage.
Terence is moderately wounded.
You shoot a sling bullet.
The sling bullet hits Terence but does no damage.
Terence is moderately wounded.
Terence misses you.
Terence hits you from afar with a +0 trident.
You shoot a sling bullet.
The sling bullet hits Terence but does no damage.
Terence is moderately wounded.
Terence closely misses you.
You shoot a sling bullet. The sling bullet barely misses Terence.
Terence barely misses you.
You shoot a sling bullet.
The sling bullet hits Terence but does no damage.
Terence is moderately wounded.
Terence barely misses you.
Terence hits you from afar with a +0 trident!
You shoot a sling bullet. The sling bullet hits Terence.
Terence is heavily wounded.
Terence hits you from afar with a +0 trident!
Enter note:
Enter note:
Enter note:
1517 ||| READING 2 scrolls of teleportation.
As you read the scroll of teleportation, it crumbles to dust.
You feel strangely unstable.
Terence hits you from afar with a +0 trident!
You die...

#. #.. #. ... #. #.#
#.# #. #.####.### ##
#.##.....# #
#@##.....#########
#$#...............
#@#......#########
#.#......# #
#.#.##.###########
#####..#..............
#.....###.#########...
#.####.#.## #... ##.##
#.#. ### #.#. #.#.


You could see Terence.

Vanquished Creatures
  3 adders
  A dart slug (D:1)
  2 giant cockroaches (D:1)
  2 goblins (D:2)
  4 hobgoblins
  3 kobolds
  5 ball pythons
  A bat (D:2)
  2 frilled lizards
  2 rats
25 creatures vanquished.

Notes
Turn   | Place    | Note
-------+----------+-------------------------------------------
     0 | D:1      | qw the Gargoyle Hexslinger began the quest for the Orb.
     0 | D:1      | Reached XP level 1. HP: 12/12 MP: 2/2
     0 | D:1      | 0 ||| qw: Version: 0.3-a-52-g30416fa
     0 | D:1      | 0 ||| qw: Game counter: 6098
     0 | D:1      | 0 ||| qw: Melee chars always use a shield: true
     0 | D:1      | 0 ||| qw: God list: Okawaru
     0 | D:1      | 0 ||| qw: Allow faded altars: false
     0 | D:1      | 0 ||| qw: Do Orc after clearing Dungeon:15 true
     0 | D:1      | 0 ||| qw: Do second Lair branch before Depths: true
     0 | D:1      | 0 ||| qw: Lair rune preference: random
     0 | D:1      | 0 ||| qw: Goals: Normal
     0 | D:1      | 0 ||| PLANNING D:1-11
   144 | D:1      | Reached XP level 2. HP: 16/16 MP: 3/3
   360 | D:1      | Reached skill level 3 in Ranged Weapons
   757 | D:1      | 757 ||| UPGRADING to +0 ring mail.
   767 | D:1      | 767 ||| DROPPING +0 robe.
   769 | D:1      | 769 ||| READING scroll labelled VIABOG TYABO.
   770 | D:1      | 770 ||| READING scroll labelled VEIRRA TOAVI.
   771 | D:1      | 771 ||| READING scroll labelled PET MACWIOBI.
   772 | D:1      | 772 ||| READING 2 scrolls labelled ROYGIO RIMAPS.
   774 | D:1      | 774 ||| READING scroll labelled ZOQIARCHUTU.
   777 | D:1      | 777 ||| READING scroll labelled KEUNGA WEHI.
   778 | D:1      | 778 ||| DROPPING scroll of poison.
   779 | D:1      | 779 ||| DROPPING scroll of blinking.
   811 | D:2      | 811 ||| STAIRDANCE
   885 | D:2      | Reached XP level 3. HP: 21/21 MP: 4/4
   903 | D:2      | Found a faded altar of an unknown god.
   941 | D:2      | 941 ||| FLEEEEING.
   942 | D:2      | 942 ||| FLEEEEING.
   976 | D:2      | Found a radiant altar of Vehumet.
  1231 | D:2      | 1231 ||| READING 2 scrolls labelled SAWNUTWOWEA.
  1235 | D:2      | 1235 ||| READING 2 scrolls of identify.
  1235 | D:2      | 1235 ||| IDENTIFYING fizzy golden potion
  1236 | D:2      | 1236 ||| DROPPING potion of attraction.
  1508 | D:3      | Noticed Terence
  1516 | D:3      | HP: 4/21 [Terence/+0 trident (8)]
  1517 | D:3      | 1517 ||| READING 2 scrolls of teleportation.
  1517 | D:3      | Slain by Terence

Levels and vault maps discovered:
D:1:      dpeg_arrival_lava_altar, layout_loops_ring,
          chequers_serial_rivers_small_a, chequers_hall_statues_corner_a
D:2:      layout_rooms, basic_altar, ebering_ecumenical_altar_rust
D:3:      layout_loops_ring, uniq_terence, uniq_grinder

Skill      XL: |  1  2 |
---------------+-------+-----
Ranged Weapons | 3 |  3.7
Fighting       | 2 |  2.0
Dodging        | |  1.5
Spellcasting   | |  1.0
Hexes          | |  2.6

Action                     || total
---------------------------++-------
   Fire: Sling             ||   106
    Use: Scroll            ||     9
 Armour: Ring mail         ||    24
  Dodge: Dodged            ||    36

Table legend:
 A = Non-vault XP
 B = Vault XP
 C = Vault XP percentage of total XP
 D = Non-vault monster count
 E = Vault monster count
 F = Vault count percentage of total count
                 A         B        C        D         E       F
            +---------+---------+-------+---------+---------+-------
      Total |      76 |       0 |   0.0 |      25 |       0 |   0.0
            +---------+---------+-------+---------+---------+-------
        D:1 |      32 |       0 |   0.0 |      12 |       0 |   0.0
        D:2 |      28 |       0 |   0.0 |      10 |       0 |   0.0
        D:3 |      16 |       0 |   0.0 |       3 |       0 |   0.0
            +---------+---------+-------+---------+---------+-------
